 Dungeon Sprint DCSS version 0.24-a0-250-g6074511092 (webtiles) character file.

Game seed: 1330568281534124698

129 Redear the Grappler (level 7, -2/83 HPs)
             Began as a Troll Monk on Apr 15, 2019.
             Was a Follower of Ru.
             Slain by the 27-headed Lernaean hydra (14 damage)
             ... in the Dungeon (Sprint VI: "Thunderdome").
             The game lasted 00:15:21 (759 turns).

Redear the Grappler (Troll Monk)                     Turns: 759, Time: 00:15:22

Health: -2/83      AC:  8    Str: 20    XL:     7   Next: 79%
Magic:  6/6        EV: 11    Int: 12    God:    Ru [*.....]
Gold:   15         SH:  0    Dex: 16    Spells: 6/6 levels left

rFire    . . .     SeeInvis .     - Unarmed
rCold    . . .     Gourm    +   (no shield)
rNeg     . . .     Faith    .   a - +0 robe
rPois    +         Spirit   .   (helmet restricted)
rElec    +         Reflect  .   (no cloak)
rCorr    .         Harm     .   (gloves unavailable)
MR       +....     NoTele   +   (boots unavailable)
Stlth    ++........             k - amulet of the Raven {MR+ Regen+ Dex+2}
HPRegen  1.03/turn              e - ring "Uklau" {rElec AC+2 Int+3}
MPRegen  0.10/turn              i - ring "Jaddenua" {+Inv rPois Int+3}

@: no scrolls
A: large, unfitting armour, claws 3, fast metabolism 3, gourmand, regeneration
1, shaggy fur 1, tough skin 3, inability to read while threatened
a: Sacrifice Experience, Sacrifice a Hand, Sacrifice Courage, Reject Sacrifices,
Renounce Religion, Evoke Invisibility


You were in the Dungeon.
You worshipped Ru.
Ru was aware of your devotion.
You were not hungry.

You visited 1 branch You collected 390 gold pieces.
You spent 375 gold pieces at shops.

Inventory:

Armour
 a - a +0 robe (worn)
 j - a +0 troll leather armour {Purgy}
Jewellery
 d - the amulet "Sucemip" {RegenMP +Inv}
   (You bought it in a shop in the Dungeon)

   [amulet of magic regeneration]

   It increases your magic regeneration.
   It lets you turn invisible.
 e - the ring "Uklau" (left claw) {rElec AC+2 Int+3}
   (You bought it in a shop in the Dungeon)

   [ring of protection]

   It affects your AC (+2).
   It affects your intelligence (+3).
   It insulates you from electricity.
 h - the amulet of Iplizeit {Gourm *Slow rElec SInv}
   (You bought it in a shop in the Dungeon)

   [amulet of the gourmand]

   It allows you to eat raw meat even when not hungry.
   It insulates you from electricity.
   It lets you see invisible.
   It may slow you when you take damage.
 i - the ring "Jaddenua" (right claw) {+Inv rPois Int+3}
   (You bought it in a shop in the Dungeon)

   [ring of poison resistance]

   It affects your intelligence (+3).
   It protects you from poison.
   It lets you turn invisible.
 k - the amulet of the Raven (around neck) {MR+ Regen+ Dex+2}
   (You bought it in a shop in the Dungeon)

   [amulet of regeneration]

   It affects your dexterity (+2).
   It affects your resistance to hostile enchantments.
   It increases your rate of regeneration.
Wands
 A - a wand of acid (1)
 I - a wand of iceblast (3)
Scrolls
 b - 3 scrolls of fog
 B - 4 scrolls of blinking {@r4}
Potions
 c - 2 potions of resistance {rF+ rC+ rPois rElec rCorr}
 f - 2 potions of magic
 g - a potion of berserk rage
 H - 4 potions of haste {@q5}
 Q - a potion of curing {@q2}
Comestibles
 z - 2 rations


   Skills:
 - Level 9.3 Fighting
 - Level 2.4 Dodging
 - Level 1.0 Stealth
 + Level 13.3 Unarmed Combat


You had 6 spell levels left.
You didn't know any spells.
Your spell library was empty.

Dungeon Overview and Level Annotations

Branches:
Dungeon (1/1)

Altars:
Cheibriados
Dithmenos
Fedhas
Gozag
Kikubaaqudgha
Makhleb
Okawaru
Qazlal
Ru
Sif Muna
Trog
Uskayaw
Vehumet
Wu Jian
Xom
Yredelemnul
Zin
The Shining One
Beogh
Jiyva
Lugonu

Shops:
D *[%??*?*:[((!!!!

Annotations:
D Lernaean hydra


Innate Abilities, Weirdness & Mutations

You are too large for most types of armour.
You have claws for hands.
Your metabolism is lightning-fast.
You like to eat raw meat.
Your natural rate of healing is unusually fast.
You are covered in fur. (AC +1)
You have extremely tough skin. (AC +3)
You cannot read scrolls while threatened.


Message History

Aim: the 27-headed Lernaean hydra (moderately wounded, covered in acid)
The mass of ice explodes!
The iceblast engulfs the 27-headed Lernaean hydra!
The 27-headed Lernaean hydra is heavily wounded.
The 27-headed Lernaean hydra bites you!
The 27-headed Lernaean hydra bites you but does no damage. x2
The 27-headed Lernaean hydra bites you! The 27-headed Lernaean hydra bites you.
The 27-headed Lernaean hydra bites you!
You feel threatened and lose the ability to read scrolls!
The 27-headed Lernaean hydra bites you.
The 27-headed Lernaean hydra misses you.
The 27-headed Lernaean hydra bites you but does no damage.
The 27-headed Lernaean hydra bites you. x2
The 27-headed Lernaean hydra bites you!
* * * LOW HITPOINT WARNING * * *
The 27-headed Lernaean hydra bites you.
* * * LOW HITPOINT WARNING * * *
The 27-headed Lernaean hydra bites you but does no damage.
The 27-headed Lernaean hydra bites you!
You die...

#∩.......∩# #_......._#
#_......._# #_........#
###.........### #⌠...........⌠#
######.8...n.....8.######
##∩___......###D.....___∩##
##∩........8.# #@8........∩###
.............###.............##
..........###...###..........⌠#
..........# #.<.# #..........⌠#
..........###...###..........⌠#
.............###.............##
##∩......÷.8.# #.8........∩###
##∩___......###......___∩##
######.8.........8.######


You could see the 27-headed Lernaean hydra.

Vanquished Creatures
  A rust devil (D)
  Purgy (D)
  3 earth elementals (D)
  A scorpion (D)
  4 vampire bats (D)
  3 iron imps (D)
  3 worms (D)
  2 giant cockroaches (D)
  2 quokkas (D)
  2 rats (D)
22 creatures vanquished.

Notes
Turn   | Place    | Note
-------+----------+-------------------------------------------
     0 | D        | Redear the Troll Monk began the quest for the Orb.
     0 | D        | Reached XP level 1. HP: 22/22 MP: 0/0
     1 | D        | Found a burning altar of Makhleb.
     1 | D        | Found an ornate altar of the Wu Jian Council.
     2 | D        | Found a blossoming altar of Fedhas.
     3 | D        | Found a stormy altar of Qazlal.
     3 | D        | Found an opulent altar of Gozag.
     4 | D        | Found an ancient bone altar of Kikubaaqudgha.
     4 | D        | Found Plog's Weapon Rack.
     4 | D        | Found Soyxag's Premium Goods.
     5 | D        | Found Puogguh's Basic Armour.
     5 | D        | Found Diczookk's Miscellaneous Merchandise.
     5 | D        | Round 1.
     7 | D        | Found a roughly hewn altar of Beogh.
     8 | D        | Found a shimmering altar of Xom.
     9 | D        | Found a corrupted altar of Lugonu.
    10 | D        | Found Ritwox's Identification Station.
    10 | D        | Found a basalt altar of Yredelemnul.
    10 | D        | Found a shadowy altar of Dithmenos.
    10 | D        | Found a viscous altar of Jiyva.
    10 | D        | Found Zedousuh's Delicious Food.
    11 | D        | Found Jaerat's Advanced Armour.
    11 | D        | Found Qawy Von's Jewellery.
    19 | D        | Found a radiant altar of Vehumet.
    29 | D        | Found a glowing golden altar of the Shining One.
    29 | D        | Found a snail-covered altar of Cheibriados.
    29 | D        | Found Katoghyod's Magic Scroll Shop.
    29 | D        | Found Ukluusch's Magic Scroll Shop.
    30 | D        | Found Raurr's Must-Have Magic.
    31 | D        | Found a hide-covered altar of Uskayaw.
    31 | D        | Found an iron altar of Okawaru.
    31 | D        | Found Cukhlydaed's Staff Store.
    35 | D        | Found a glowing silver altar of Zin.
    40 | D        | Found a deep blue altar of Sif Muna.
    40 | D        | Found a bloodstained altar of Trog.
    40 | D        | Found Nirujus's Distillery.
    40 | D        | Found Kappynualu's Distillery.
    44 | D        | Found Siasch's Bottled Wisdom.
    47 | D        | Found a sacrificial altar of Ru.
    47 | D        | Found Taonaaph's Do-It-Yourself Clinic.
    55 | D        | Became a worshipper of Ru the Awakened
    73 | D        | Reached skill level 3 in Fighting
    79 | D        | Gained mutation: You cannot read scrolls while threatened.
                  | [Ru sacrifice]
    79 | D        | Reached * piety under Ru
    92 | D        | Reached skill level 4 in Unarmed Combat
   108 | D        | Reached XP level 2. HP: 20/31 MP: 1/1
   144 | D        | Noticed a scorpion
   159 | D        | Killed a scorpion
   159 | D        | Reached skill level 5 in Fighting
   159 | D        | Reached skill level 6 in Unarmed Combat
   159 | D        | Reached XP level 3. HP: 28/42 MP: 2/2
   173 | D        | Arena points: 14 (+14) [x2]
   212 | D        | Round 2.
   227 | D        | Bought a shimmering golden ring for 45 gold pieces
   227 | D        | Bought a scorched steel amulet for 45 gold pieces
   227 | D        | Bought a transparent amber ring for 45 gold pieces
   245 | D        | Noticed Purgy
   258 | D        | Killed Purgy
   258 | D        | Reached skill level 6 in Fighting
   258 | D        | Reached skill level 8 in Unarmed Combat
   258 | D        | Reached XP level 4. HP: 44/53 MP: 3/3
   258 | D        | Reached XP level 5. HP: 51/61 MP: 4/4
   321 | D        | Arena points: 50 (+36) [x3]
   371 | D        | Round 3.
   385 | D        | Reached skill level 7 in Fighting
   434 | D        | Reached skill level 9 in Unarmed Combat
   437 | D        | Reached XP level 6. HP: 70/72 MP: 5/5
   483 | D        | Reached skill level 8 in Fighting
   545 | D        | Arena points: 65 (+15) [x1]
   552 | D        | Bought 3 scrolls of identify for 150 gold pieces
   552 | D        | Identified the ring "Uklau" {rElec AC+2 Int+3} (You bought
                  | it in a shop in the Dungeon)
   553 | D        | Identified the amulet of Iplizeit {Gourm *Slow rElec SInv}
                  | (You bought it in a shop in the Dungeon)
   554 | D        | Identified the ring "Jaddenua" {+Inv rPois Int+3} (You
                  | bought it in a shop in the Dungeon)
   561 | D        | Round 4.
   569 | D        | Reached skill level 10 in Unarmed Combat
   597 | D        | Reached skill level 9 in Fighting
   629 | D        | HP: 3/75 [earth elemental (33)]
   632 | D        | Reached skill level 11 in Unarmed Combat
   632 | D        | Reached XP level 7. HP: 39/83 MP: 6/6
   660 | D        | Noticed a rust devil
   666 | D        | Killed a rust devil
   666 | D        | Reached skill level 13 in Unarmed Combat
   695 | D        | Arena points: 129 (+64) [x2]
   707 | D        | Bought a wavering ruby amulet for 45 gold pieces
   707 | D        | Identified the amulet "Sucemip" {RegenMP +Inv} (You bought
                  | it in a shop in the Dungeon)
   712 | D        | Bought a faintly glowing ruby amulet for 45 gold pieces
   713 | D        | Identified the amulet of the Raven {MR+ Regen+ Dex+2} (You
                  | bought it in a shop in the Dungeon)
   735 | D        | Round 5.
   749 | D        | Noticed the 27-headed Lernaean hydra
   750 | D        | Noticed a bog body
   759 | D        | Slain by the 27-headed Lernaean hydra

Levels and vault maps discovered:
D:        arena_sprint

Skill      XL: |  1  2  3  4  5  6  7 |
---------------+----------------------+-----
Fighting       | 3 5 6 7 9 |  9.3
Unarmed Combat | 4 6 8 9 11 13 | 13.3
Dodging        | |  2.4
Stealth        | |  1.0

Action                   |  1- 3 |  4- 6 |  7- 9 || total
-------------------------+-------+-------+-------++-------
Melee: Unarmed           |    46 |    53 |    16 ||   115
       Punch             |       |     2 |     3 ||     5
Invok: Sacrifice Words   |     1 |       |       ||     1
Evoke: Wand              |       |       |     6 ||     6
  Use: Potion            |     1 |     3 |       ||     4
       Scroll            |       |     3 |       ||     3
  Eat: Chunk             |     2 |     6 |       ||     8
Armor: Robe              |    14 |    24 |     5 ||    43
Dodge: Dodged            |    14 |    24 |     5 ||    43

Table legend:
 A = Non-vault XP
 B = Vault XP
 C = Vault XP percentage of total XP
 D = Non-vault monster count
 E = Vault monster count
 F = Vault count percentage of total count
                 A         B        C        D         E       F
            +---------+---------+-------+---------+---------+-------
      Total |    1287 |       0 |   0.0 |      22 |       0 |   0.0
            +---------+---------+-------+---------+---------+-------
          D |    1287 |       0 |   0.0 |      22 |       0 |   0.0
            +---------+---------+-------+---------+---------+-------
